 Dungeon Crawl Stone Soup version 0.16-a0-3940-gf8a207b (console) character file.

35 Fusha the Caller (level 3, 0/14 HPs)
             Began as a Felid Summoner on Feb 7, 2015.
             Succumbed to an adder's poison
             ... on level 2 of the Dungeon.
             The game lasted 00:04:05 (1043 turns).

Fusha the Caller (Felid Summoner)                   Turns: 1043, Time: 00:04:05

Health: 0/14       AC:  1    Str:  4    XL:     3   Next: 16%
Magic:  1/8        EV: 18    Int: 17    God:
Gold:   76         SH:  0    Dex: 16    Spells: 2 memorised, 3 levels left
                                        Lives:  0   Deaths: 0

rFire  . . .     SeeInvis +     (weapon unavailable)
rCold  . . .     Clarity  .     (armour unavailable)
rNeg   . . .     SustAb   .     (shield unavailable)
rPois  .         Gourm    .     (helmet unavailable)
rElec  .         Spirit   +     (cloak unavailable)
rCorr  .         Warding  .     (gloves unavailable)
rMut   .         Stasis   .     (boots unavailable)
MR     .....                    e - amulet of guardian spirit
Stlth  +++.......               (no ring)
                                (no ring)

@: lethally poisoned (0 -> -14), very slightly contaminated, hasted, very quick,
not resistant to hostile enchantments, fairly stealthy
A: paw claws, no armour, no weapons or thrown items, fangs 3, see invisible,
carnivore 3, speed 1, shaggy fur 1, slow metabolism 1
a: no special abilities


You were on level 2 of the Dungeon.
You were completely stuffed.

You visited 1 branch of the dungeon, and saw 2 of its levels.

You collected 76 gold pieces.

Inventory:

Jewellery
 e - an amulet of guardian spirit (around neck)
Scrolls
 a - 3 scrolls of teleportation {unknown}
 d - a scroll of identify {unknown}
 f - a scroll of recharging {unknown}
Books
 b - a book of Callings

   Spells                             Type                      Level
   a - Summon Small Mammal            Summoning                    1
   b - Call Imp                       Summoning                    2
   c - Call Canine Familiar           Summoning                    3
   d - Summon Guardian Golem          Hexes/Summoning              4
   e - Summon Lightning Spire         Summoning/Air                4
   f - Summon Ice Beast               Ice/Summoning                4
Comestibles
 c - a meat ration


   Skills:
 + Level 3.2 Dodging
 + Level 3.3 Stealth
 + Level 0.4 Unarmed Combat
 + Level 2.0 Spellcasting
 + Level 4.5 Summonings


You had 3 spell levels left.
You knew the following spells:

 Your Spells              Type           Power        Failure   Level  Hunger
a - Summon Small Mammal   Summ           ###.         2%          1    #......
b - Call Imp              Summ           ###.....     4%          2    ###....


Dungeon Overview and Level Annotations

Branches:
Dungeon (2/15)

Altars:


Innate Abilities, Weirdness & Mutations

You cannot wear armour.
You are incapable of wielding weapons or throwing items.
Your paws have sharp claws.
You have razor-sharp teeth.
You have supernaturally acute eyesight.
You are carnivorous and can eat meat at any time.
You cover ground quickly.
You are covered in fur (AC +1).
You have a slow metabolism.


Message History

Your crimson imp picks up some beetles from the ground and offers them to you.
Your crimson imp barely misses the adder. x2
The adder bites you but does no damage.
Drink which item? (? for menu, Esc to quit)
It was a potion of haste.
You feel yourself speed up.
Your crimson imp hits the adder.
Your crimson imp blinks!
The adder bites you.
* * * LOW HITPOINT WARNING * * *
You are more poisoned.
The adder poisons you!
You are very lightly contaminated with residual magic.
* * * LOW HITPOINT WARNING * * *
You feel sick.
Your crimson imp closely misses the adder.
Found a fuming grey potion.
A kobold comes into view.
Found a stone staircase leading up.
A quokka comes into view.
You die...

. . .# #. .. .K<.
##.# ...!. ...#
.....l#..# ## #
...r..#..####...?.
...................
. #@# .#..... ...
#.###....#
......#.S.5†.#
#.......<##..#
.#.##.#.## #...5
...... ......
..$....# #####
###...# .....


You could see an adder, a quokka (sleeping), a kobold (sleeping) and a giant
newt (sleeping).

Vanquished Creatures
  A giant gecko (D:1)
  An ooze (D:1)
  A giant cockroach (D:1)
  3 goblins
  2 hobgoblins (D:1)
  8 bats (D:1)
  A giant newt (D:1)
  5 rats (D:1)
  A fungus (D:1)
23 creatures vanquished.

Vanquished Creatures (collateral kills)
  An adder (D:1)
  A hobgoblin (D:1)
  3 kobolds (D:1)
  A rat (D:1)
6 creatures vanquished.

Grand Total: 29 creatures vanquished

Notes
Turn   | Place    | Note
--------------------------------------------------------------
     0 | D:1      | Fusha, the Felid Summoner, began the quest for the Orb.
     0 | D:1      | Reached XP level 1. HP: 7/7 MP: 4/4
   328 | D:1      | Reached XP level 2. HP: 9/11 MP: 2/5
   898 | D:1      | Learned a level 2 spell: Call Imp
   911 | D:1      | Reached XP level 3. HP: 7/14 MP: 3/8
  1043 | D:2      | Succumbed to an adder's poison

Action                   || total
-------------------------++-------
Melee: Unarmed           ||   116
 Cast: Summon Small Mamm ||     6
       Call Imp          ||     4
  Use: Potion            ||     1
 Stab: Sleeping          ||     6
  Eat: Chunk             ||     8
